 Dungeon Crawl Stone Soup version 0.28.0-53-g5a82cb258f (webtiles) character file.

Game seed: 1153239875624908104

2077 safid the Cleaver (level 9, -2/71 HPs)
             Began as a Hill Orc Fighter on Aug 14, 2022.
             Was an Initiate of Okawaru.
             Slain by a killer bee (7 damage)
             ... on level 7 of the Dungeon.
             The game lasted 00:06:06 (5689 turns).

safid the Cleaver (Hill Orc Fighter)                Turns: 5689, Time: 00:06:09

Health: -2/71      AC:  8    Str: 29    XL:     9   Next: 26%
Magic:  9/9        EV:  9    Int:  8    God:    Okawaru [......]
Gold:   270        SH:  4    Dex: 10    Spells: 8/8 levels left

rFire   . . .      SeeInvis .   a - +0 war axe
rCold   . . .      Faith    .   c - +0 buckler
rNeg    . . .      Spirit   .   b - +0 scale mail
rPois   .          Reflect  .   (no helmet)
rElec   .          Harm     .   x - +0 cloak
rCorr   .          Rampage  .   (no gloves)
Will    .....                   (no boots)
Stlth   ..........              j - amulet of regeneration
HPRegen 1.01/turn               l - +6 ring of strength
MPRegen 0.11/turn               (no ring)

@: no status effects
A: no striking features
a: Renounce Religion


You were on level 7 of the Dungeon.
You worshipped Okawaru.
Okawaru was noncommittal.
You visited 2 branches of the dungeon, and saw 8 of its levels.

You collected 270 gold pieces.

Inventory:

Hand Weapons
 a - a +0 war axe (weapon)
Missiles
 o - 5 poisoned darts (quivered)
Armour
 b - a +0 scale mail (worn)
 c - a +0 buckler (worn)
 x - a +0 cloak (worn)
Jewellery
 j - an amulet of regeneration (around neck)
 l - a +6 ring of strength (left hand)
 A - a +6 ring of dexterity
Wands
 q - a wand of flame (8)
 r - a wand of polymorph (11)
 t - a wand of iceblast (14)
Scrolls
 g - 2 scrolls of enchant armour
 i - a scroll of torment {unknown}
 k - a scroll of teleportation {unknown}
 m - a scroll of enchant weapon {unknown}
 p - 3 scrolls of blinking
 v - a scroll of fog {unknown}
 y - a scroll of amnesia {unknown}
Potions
 d - a potion of might
 e - 2 potions of mutation {unknown}
 n - a potion of flight {unknown}
 s - a potion of lignification {unknown}
 u - a potion of resistance {unknown}
 w - a potion of degeneration {unknown}
 z - a potion of brilliance {unknown}


   Skills:
 - Level 4.0 Fighting
 + Level 14.8 Axes
 - Level 4.0 Armour
 - Level 4.0 Shields


You had 8 spell levels left.
You didn't know any spells.
Your spell library contained the following spells:

 Spells                   Type           Power      Damage    Failure   Level
 Apportation              Tloc           0%         N/A       75%         1
 Beastly Appendage        Tmut           0%         N/A       75%         1
 Passwall                 Tmut/Erth      0%         N/A       87%         2
 Wereblood                Tmut           0%         N/A       87%         2
 Portal Projectile        Hex/Tloc       0%         N/A       98%         3
 Spider Form              Tmut/Pois      0%         N/A       98%         3
 Leda's Liquefaction      Hex/Erth       0%         N/A       100%        4
 Storm Form               Tmut/Air       0%         N/A       100%        7
 Animate Skeleton         Necr           Unusable   N/A       N/A         1
 Summon Small Mammal      Summ           Unusable   N/A       N/A         1
 Call Canine Familiar     Summ           Unusable   N/A       N/A         3

Dungeon Overview and Level Annotations

Branches:
Dungeon (7/15)             Temple (1/1) D:7

Altars:
Cheibriados
Dithmenos
Elyvilon
Hepliaklqana
Kikubaaqudgha
Makhleb
Okawaru
Qazlal
Sif Muna
Trog
Wu Jian
Xom
Yredelemnul
Zin
The Shining One


Message History

The killer bee stings you.
* * * LOW HITPOINT WARNING * * *
The killer bee stings you!
* * * LOW HITPOINT WARNING * * *
The killer bee stings you.
* * * LOW HITPOINT WARNING * * *
The killer bee stings you.
* * * LOW HITPOINT WARNING * * *
You are poisoned.
The killer bee poisons you! The killer bee stings you.
* * * LOW HITPOINT WARNING * * *
You feel much better.
You feel sick. The killer bee stings you.
* * * LOW HITPOINT WARNING * * *
The killer bee stings you.
* * * LOW HITPOINT WARNING * * *
You are more poisoned.
The killer bee poisons you! You block the killer bee's attack.
The killer bee stings you.
* * * LOW HITPOINT WARNING * * *
The killer bee stings you but does no damage.
The killer bee stings you.
* * * LOW HITPOINT WARNING * * *
You are lethally poisoned!
The killer bee poisons you!
You feel better. The killer bee stings you.
* * * LOW HITPOINT WARNING * * *
The killer bee stings you.
* * * LOW HITPOINT WARNING * * *
The killer bee stings you.
* * * LOW HITPOINT WARNING * * *
The killer bee misses you. The killer bee stings you.
* * * LOW HITPOINT WARNING * * *
The killer bee closely misses you.
You feel better. The killer bee stings you.
* * * LOW HITPOINT WARNING * * *
The killer bee stings you but does no damage. x2
The killer bee stings you.
* * * LOW HITPOINT WARNING * * *
The killer bee stings you!
You die...

.# #...## .#
#...## .##
#....## ..##
#.##..##
...####.###..##
...)....#
##..##
.###..###
##..## ## ##..#
##..## # ##...#
##y@# ###.#..#
##yy# #..##..#
##..# #####..#
#..# # ..##
.... .## ...<#
# ..## ..#


You could see 3 killer bees.

Vanquished Creatures
  Duvessa (D:7)
  A sky beast (D:6)
  2 ice beasts
  A black bear (D:7)
  2 ogres (D:4)
  2 centaurs
  A phantom (D:6)
  A bullfrog (D:6)
  A gnoll sergeant (D:5)
  3 scorpions (D:5)
  Dowan (D:7)
  2 killer bees (D:7)
  3 howler monkeys
  5 wights (D:5)
  A gnoll shaman (D:5)
  A hound (D:5)
  2 jellies
  2 centaur skeletons (D:5)
  An iguana (D:7)
  A hound zombie (D:5)
  A howler monkey zombie (D:6)
  9 adders
  3 gnolls (D:5)
  A river rat (D:5)
  A white imp (D:7)
  An ufetubus (D:5)
  An adder skeleton (D:4)
  2 worms
  2 dart slugs (D:4)
  10 orcs
  9 ball pythons
  2 bats
  4 endoplasms
  3 giant cockroaches
  2 goblins
  3 hobgoblins
  3 jackals (D:3)
  4 quokkas
  3 frilled lizards
  13 kobolds
  11 rats
122 creatures vanquished.

Vanquished Creatures (others)
  32 plants (D:5)
32 creatures vanquished.

Grand Total: 154 creatures vanquished

Notes
Turn   | Place    | Note
-------+----------+-------------------------------------------
     0 | D:1      | safid the Hill Orc Fighter began the quest for the Orb.
     0 | D:1      | Reached XP level 1. HP: 19/19 MP: 1/1
   164 | D:1      | Reached skill level 3 in Axes
   164 | D:1      | Reached XP level 2. HP: 27/27 MP: 2/2
   558 | D:1      | Reached XP level 3. HP: 33/33 MP: 3/3
  1075 | D:2      | Reached XP level 4. HP: 40/40 MP: 4/4
  1462 | D:2      | Found a faded altar of an unknown god.
  1519 | D:2      | Reached skill level 4 in Axes
  1565 | D:2      | Prayed at the altar of an unknown god.
  1565 | D:2      | Became a worshipper of the Shining One
  1565 | D:2      | Reached * piety under the Shining One
  2031 | D:3      | Got the Disquisition on Transmigration
  2363 | D:3      | You fall into a shaft and drop 3 floors!
  2455 | D:6      | Noticed a centaur
  2462 | D:6      | Killed a centaur
  2463 | D:6      | Reached skill level 6 in Axes
  2463 | D:6      | Reached XP level 5. HP: 46/46 MP: 5/5
  2515 | D:6      | Reached XP level 6. HP: 49/52 MP: 6/6
  2528 | D:6      | Found a hazy altar of Hepliaklqana.
  2563 | D:6      | Found a snail-covered altar of Cheibriados.
  2567 | D:5      | Entered Level 5 of the Dungeon
  2830 | D:4      | Reached skill level 7 in Axes
  3124 | D:4      | Reached skill level 8 in Axes
  3142 | D:4      | Reached XP level 7. HP: 8/59 MP: 7/7
  3445 | D:5      | Found a shimmering blue altar of Sif Muna.
  3456 | D:5      | Reached skill level 9 in Axes
  3573 | D:5      | Found a bloodstained altar of Trog.
  3599 | D:5      | Reached ** piety under the Shining One
  3617 | D:5      | Reached skill level 10 in Axes
  3676 | D:5      | Reached XP level 8. HP: 35/66 MP: 8/8
  3677 | D:5      | Reached skill level 11 in Axes
  4005 | D:5      | Reached skill level 12 in Axes
  4335 | D:5      | Reached skill level 13 in Axes
  4875 | D:6      | Reached XP level 9. HP: 61/71 MP: 9/9
  4913 | D:6      | Reached skill level 14 in Axes
  5296 | D:7      | Found a staircase to the Ecumenical Temple.
  5308 | Temple   | Entered the Ecumenical Temple
  5389 | Temple   | Fell from the grace of the Shining One
  5389 | Temple   | Became a worshipper of Warmaster Okawaru
  5440 | D:7      | Found a burning altar of Makhleb.
  5440 | D:7      | Noticed a blizzard demon
  5605 | D:7      | Noticed Duvessa
  5605 | D:7      | Noticed Dowan
  5613 | D:7      | Killed Duvessa
  5629 | D:7      | Killed Dowan
  5689 | D:7      | Slain by a killer bee

Illustrated notes

Levels and vault maps discovered:
D:1:      minmay_arrival_arboretum_large, layout_basic, grunt_decor_one_mirror,
          minmay_ruptured
D:2:      layout_basic, hellmonk_ecumenical_altar_leap_of_faith,
          grunt_ministairs_1
D:3:      layout_basic
D:4:      layout_basic
D:5:      layout_loops_corners, lemuel_doored_altar,
          mainiacjoe_overflow_24_doors, serial_bayou, serial_bayou_shore_a,
          serial_bayou_pond_b, serial_bayou_crossing, serial_bayou_lagoon_a,
          portal_sewer_entry_b
D:6:      layout_layer_cave, nzn_hepliaklqana_mist_gate, cheibriados_altar_1,
          kennysheep_big_empty_room
D:7:      cheibrodos_barr_body, layout_layer_cave, makhleb_altar_promises_db,
          temple_statues, uniq_duvessa
Temple:   eino_temple_lava

Skill      XL: |  1  2  3  4  5  6  7  8  9 |
---------------+----------------------------+-----
Axes           | 3 6 8 10 13 14 | 14.8
Fighting       | 4 |  4.0
Armour         | 4 |  4.0
Shields        | 4 |  4.0

Action                   |  1- 3 |  4- 6 |  7- 9 || total
-------------------------+-------+-------+-------++-------
Melee: War axe           |    75 |   114 |   181 ||   370
  Use: Scroll            |       |       |     3 ||     3
       Potion            |       |       |     5 ||     5
Armor: Scale mail        |    35 |    51 |    53 ||   139
Dodge: Dodged            |    38 |    47 |    67 ||   152
Block: Buckler           |    14 |    30 |    37 ||    81
